 Dungeon Crawl Stone Soup version 0.21.2 (webtiles) character file.

54 Flugkiller the Poker (level 3, 0/26 HPs)
             Began as an Octopode Chaos Knight on Dec 2, 2018.
             Succumbed to an adder's poison
             ... on level 2 of the Dungeon.
             The game lasted 00:02:40 (1038 turns).

Flugkiller the Poker (Octopode Chaos Knight)        Turns: 1038, Time: 00:02:41

Health: 0/26       AC:  1    Str: 16    XL:     3   Next: 91%
Magic:  3/3        EV: 13    Int: 14    God:    Xom [....*.]
Gold:   38         SH:  0    Dex: 12    Spells: 2/2 levels left

rFire    . . .     SeeInvis .   a - +0 spear (chaos)
rCold    . . .     Gourm    .   (no shield)
rNeg     . . .     Faith    .   (helmet restricted)
rPois    .         Spirit   .   (no amulet)
rElec    .         Reflect  .   (no ring)
rCorr    .         Harm     .   (no ring)
MR       .....                  (no ring)
Stlth    ++........             (no ring)
HPRegen  0.08/turn              (no ring)
MPRegen  0.08/turn              (no ring)
                                (no ring)
                                (no ring)

@: mighty, lethally poisoned (0 -> -7)
A: almost no armour, stealthy swim, amphibious, 8 rings, constrict 8, camouflage
1, gelatinous body 1
a: Renounce Religion


You were on level 2 of the Dungeon.
You worshipped Xom.
You were a beloved toy of Xom.
You were not hungry.

You visited 1 branch of the dungeon, and saw 2 of its levels.

You collected 38 gold pieces.

Inventory:

Hand Weapons
 a - a +0 spear of chaos (weapon)
Jewellery
 k - an uncursed ring of resist corrosion {unknown}
Scrolls
 c - a scroll of fog
 d - a scroll of magic mapping {unknown}
 i - a scroll of teleportation {unknown}
 j - a scroll of remove curse {unknown}
Comestibles
 b - 5 rations
 f - 2 chunks of flesh


   Skills:
 - Level 3.0 Fighting
 + Level 4.7 Polearms
 - Level 2.3 Dodging


You had 2 spell levels left.
You didn't know any spells.

Dungeon Overview and Level Annotations

Branches:
Dungeon (2/15)

Altars:
Xom


Innate Abilities, Weirdness & Mutations

You cannot wear most types of armour.
You are very stealthy in the water. (Stealth+)
You are amphibious.
You can wear up to eight rings at the same time.
You can use your tentacles to constrict eight enemies at once.
Your skin changes colour to match your surroundings (Stealth+).
Your rubbery body absorbs attacks. (AC +1, EV +1)


Message History

You miss something.
You feel sick. Something bites you.
You closely miss something. Your squeeze misses something. Something bites you.
Unknown command.
You miss something. Something bites you.
You barely miss something. Something bites you but does no damage.
Something bites you.
* * * LOW HITPOINT WARNING * * *
You are lethally poisoned!
Something poisons you!
Unknown command.
You feel very mighty all of a sudden.
* * * LOW HITPOINT WARNING * * *
You feel sick. Something bites you but does no damage.
Unknown command.
You closely miss something. Your squeeze misses something. Something bites you.
* * * LOW HITPOINT WARNING * * *
Unknown command.
You barely miss something.
You die...
Xom roars with laughter!

.........# .#
.......# #.#
#......# #..
###.#....# ##.#
l........###.#
####.# #........#
#....# ##.#.#####
#.##.# #.#{# #.##.#
#.#@# #.##.##
#.#.#######.##..###
#.#.>.......##(#!.#
#.############...##
.. ##..# #..#
#####..##
...>.....##
#######....


There were no monsters in sight!

Vanquished Creatures
  2 adders (D:2)
  An ooze (D:1)
  A worm (D:2)
  A giant cockroach (D:1)
  3 goblins (D:1)
  4 hobgoblins
  9 bats
  A frilled lizard (D:1)
  5 kobolds
  4 rats
31 creatures vanquished.

Notes
Turn   | Place    | Note
-------+----------+-------------------------------------------
     0 | D:1      | Flugkiller the Octopode Chaos Knight began the quest for the Orb.
     0 | D:1      | Reached XP level 1. HP: 16/16 MP: 1/1
    50 | D:1      | XOM: harmless Necr miscast
   210 | D:1      | Reached XP level 2. HP: 21/21 MP: 2/2
   293 | D:1      | XOM: divination: detect creatures
   300 | D:1      | XOM: divination: magic mapping
   573 | D:1      | Reached skill level 4 in Polearms
   577 | D:1      | Reached XP level 3. HP: 23/26 MP: 3/3
   926 | D:2      | XOM: god gift: ration
   937 | D:2      | XOM: scenery: create altars
  1037 | D:2      | HP: 1/26 [something (4)]
  1038 | D:2      | Succumbed to an adder's poison

Skill      XL: |  1  2 |
---------------+-------+-----
Polearms       | 4 |  4.7
Fighting       | |  3.0
Dodging        | |  2.3

Action                   || total
-------------------------++-------
Melee: Spear             ||    73
       Constrict         ||     9
       Tentacles         ||     9
  Use: Scroll            ||     3
       Potion            ||     1
 Stab: Sleeping          ||     7
Armor: Skin              ||     4
Dodge: Dodged            ||    27
